 Seeded DCSS version 0.29-a0-82-g837932c90e (webtiles) character file.

Game seed: 10000000000011 (custom seed)

250 knot the Chopper (level 5, -1/61 HPs)
             Began as a Demonspawn Berserker on Feb 5, 2022.
             Was a Believer of Trog.
             Slain by an orc (6 damage)
             ... on level 3 of the Dungeon.
             The game lasted 00:02:11 (3728 turns).

knot the Chopper (Demonspawn Berserker)             Turns: 3728, Time: 00:02:12

Health: -1/61      AC:  2    Str: 18    XL:     5   Next: 88%
Magic:  5/5        EV: 12    Int: 10    God:    Trog [**....]
Gold:   126        SH:  5    Dex: 12    Spells: 4/4 levels left

rFire   . . .      SeeInvis .   a - +0 hand axe
rCold   . . .      Faith    .   (no shield)
rNeg    . . .      Spirit   .   b - +0 animal skin
rPois   .          Reflect  +   (no helmet)
rElec   .          Harm     .   (no cloak)
rCorr   .          Rampage  .   (no gloves)
Will    .....                   (no boots)
Stlth   ..........              d - amulet of reflection
HPRegen 0.20/turn               (no ring)
MPRegen 0.18/turn               (no ring)

@: berserking, very quick
A: magic regeneration, demonic touch 1
a: Renounce Religion, Berserk, Trog's Hand


You were on level 3 of the Dungeon.
You worshipped Trog.
Trog was pleased with you.
You visited 1 branch of the dungeon, and saw 4 of its levels.

You collected 126 gold pieces.

Inventory:

Hand Weapons
 a - a +0 hand axe (weapon)
Missiles
 f - 71 stones (quivered)
 l - 2 poisoned darts
 p - 4 boomerangs
Armour
 b - a +0 animal skin (worn)
Jewellery
 d - an amulet of reflection (around neck)
Wands
 o - a wand of polymorph (8)
Scrolls
 c - a scroll of amnesia {unknown}
 h - 2 scrolls of identify {unknown}
 m - 2 scrolls of blinking {unknown}
 n - a scroll of fog {unknown}
Potions
 e - a potion of curing {unknown}
 g - a potion of lignification {unknown}
 i - a potion of might {unknown}
 j - a potion of heal wounds {unknown}
 k - a potion of magic {unknown}


   Skills:
 - Level 3.0 Fighting
 * Level 5.4 Axes
 * Level 2.4 Throwing
 - Level 1.7 Armour
 - Level 1.7 Dodging


You had 4 spell levels left.
You didn't know any spells.
Your spell library contained the following spells:

 Spells                   Type           Power      Damage    Failure   Level
 Corpse Rot               Necr/Air       0%         N/A       50%         2
 Ensorcelled Hibernation  Hex/Ice        0%         N/A       50%         2
 Passwall                 Tmut/Erth      0%         N/A       50%         2
 Poisonous Vapours        Pois/Air       0%         N/A       50%         2
 Swiftness                Air            0%         N/A       75%         3


Dungeon Overview and Level Annotations

Branches:
Dungeon (4/15)             Temple (0/1) D:4

Altars:

Shops:
D:3 [

Annotations:
D:4 Dowan, Duvessa


Innate Abilities, Weirdness & Mutations

You regenerate magic rapidly.
Your touch may inflict minor irresistible damage on your foes.


Message History

You hit the adder but do no damage. The adder bites you.
You block the orc's attack.
You hit the orc.
You kill the orc!
Trog accepts your kill.
You hit the adder. The adder completely misses you.
Things that are here:
a +0 flail; a +0 leather armour You block the adder's attack.
You slash the adder!
You kill the adder!
Trog accepts your kill.
The centaur skeleton closely misses you.
The centaur skeleton kicks you.
You hit the centaur skeleton.
You touch the centaur skeleton.
The centaur skeleton is almost destroyed.
The centaur skeleton barely misses you.
You block the centaur skeleton's attack.
Unknown command.
Found 20 stones.
An orc and an orc priest come into view.
The orc priest shouts!
Found a stone staircase leading up and a stone staircase leading down.
The orc priest calls down the wrath of Beogh upon you.
Beogh smites you!
* * * LOW HITPOINT WARNING * * *
A hobgoblin comes into view.
Found an escape hatch in the floor.
Found a stone staircase leading down.
A giant cockroach comes into view.
The hobgoblin shouts!
The orc priest looks satisfied for a moment.
There is a stone staircase leading up here.
The orc hits you with a +0 mace.
* * * LOW HITPOINT WARNING * * *
You climb upwards.
There is a stone staircase leading down here.
A red film seems to cover your vision as you go berserk!
You feel yourself moving faster!
You feel mighty! The orc hits you with a +0 mace.
You die...

##....................
#...............#.....
##....###.........###.
#....# #...#.....# #.
#....# #.......).###.
####.# #...........>.
#.# #...#.....###.
#.###...#.........
###@......+.........
#..o.###############
#....###≈≈≈≈≈≈≈≈≈≈≈≈
#......#≈...........
#......#≈...........
####...#≈..#######..
#...#≈..# #..
####...#≈..# #..
#....<.'...# #..


You could see an orc.

Vanquished Creatures
  An ogre (D:3)
  A scorpion (D:4)
  5 adders
  An orc (D:4)
  6 endoplasms
  A giant cockroach (D:1)
  4 goblins
  4 hobgoblins
  14 jackals
  A quokka (D:4)
  2 ball pythons
  7 bats
  5 frilled lizards
  3 kobolds
  5 rats
60 creatures vanquished.

Notes
Turn   | Place    | Note
-------+----------+-------------------------------------------
     0 | D:1      | knot the Demonspawn Berserker began the quest for the Orb.
     0 | D:1      | Reached XP level 1. HP: 18/18 MP: 1/1
   153 | D:1      | Reached skill level 3 in Axes
   306 | D:1      | Gained mutation: You regenerate magic rapidly. [demonic
                  | ancestry]
   306 | D:1      | Reached XP level 2. HP: 12/24 MP: 2/2
  1467 | D:2      | Reached skill level 4 in Axes
  1467 | D:2      | Gained mutation: Your touch may inflict minor irresistible
                  | damage on your foes. [demonic ancestry]
  1467 | D:2      | Reached XP level 3. HP: 20/29 MP: 3/3
  2181 | D:2      | Reached ** piety under Trog
  2191 | D:2      | Reached XP level 4. HP: 21/35 MP: 4/4
  2565 | D:3      | Noticed an ogre
  2572 | D:3      | Killed an ogre
  2573 | D:3      | Reached skill level 5 in Axes
  2573 | D:3      | Reached skill level 1 in Throwing
  2573 | D:3      | Reached XP level 5. HP: 41/41 MP: 5/5
  2831 | D:3      | Found Daocsar's Antique Armour Emporium.
  3677 | D:4      | Found a staircase to the Ecumenical Temple.
  3691 | D:4      | Noticed Dowan
  3693 | D:4      | Noticed Duvessa
  3728 | D:3      | Slain by an orc

Illustrated notes

Levels and vault maps discovered:
D:1:      lordsloth_arrival_two_stooges, layout_basic, grunt_decor_fettered,
          minmay_misc_feat_diagonals, nicolae_concentric_dashed_squares_wild
D:2:      layout_rooms, hangedman_decor_clover_reticule
D:3:      layout_basic, serial_shops, shop, kennysheep_path_1
D:4:      layout_rooms, temple_doors_e, uniq_duvessa, uniq_ijyb

Skill      XL: |  1  2  3  4  5 |
---------------+----------------+-----
Axes           | 3 4 5 |  5.4
Throwing       | 1 2 |  2.4
Fighting       | |  3.0
Armour         | |  1.7
Dodging        | |  1.7

Action                   |  1- 3 |  4- 6 || total
-------------------------+-------+-------++-------
Melee: Hand axe          |   116 |    53 ||   169
       Punch             |     3 |     2 ||     5
       Touch             |     3 |    12 ||    15
Invok: Berserk           |     2 |     3 ||     5
 Stab: Sleeping          |       |     1 ||     1
Armor: Animal skin       |    31 |    11 ||    42
Dodge: Dodged            |    77 |    42 ||   119
Block: Other             |    24 |    11 ||    35
       Reflection        |       |     1 ||     1

Table legend: (Time is in decaauts)
 A = Elapsed time spent in this place.
 B = Non-inter-level travel time spent in this place.
 C = Inter-level travel time spent in this place.
 D = Time resting spent in this place.
 E = Time spent auto-exploring this place.
 F = Levels seen in this place.
 G = Mean time per level.
                   A        B        C        D        E       F      G
               +--------+--------+--------+--------+--------+-----+--------+
         Total |   3787 |   3741 |     46 |   1361 |   1963 |   4 |  946.8 |
       Dungeon |   3787 |   3741 |     46 |   1361 |   1963 |   4 |  946.8 |
               +--------+--------+--------+--------+--------+-----+--------+

Top non-repeatable levels by time:
     D:1: 1478 daAuts
     D:2: 1014 daAuts
     D:3: 717 daAuts
     D:4: 577 daAuts
